 Dungeon Sprint DCSS version 0.23.0-3-gf3c87f2 (webtiles) character file.

Game seed: 2191413514380903121

19300000 Fang the Intangible (level 27, -1013/149 HPs)
             Began as a Felid Berserker on Feb 21, 2019.
             Was the Champion of Makhleb.
             Annihilated by The Meatlord
             ... wielding the +7 sceptre of Torment {pain, torment}
              (1162 damage)
             ... in the Dungeon (Sprint VIII: "Arena of Blood").
             The game lasted 00:03:21 (193 turns).

Fang the Intangible (Felid Berserker)                Turns: 193, Time: 00:03:21

Health: -1013/149  AC:  3    Str: 14    XL:     27
Magic:  55/55      EV: 44    Int: 10    God:    Makhleb [******]
Gold:   0          SH:  0    Dex: 26    Spells: 80/80 levels left
                                        Lives:  0   Deaths: 2

rFire    . . .     SeeInvis +     - Unarmed
rCold    + . .     Gourm    .   (shield unavailable)
rNeg     . . .     Faith    .   (armour unavailable)
rPois    .         Spirit   .   (helmet unavailable)
rElec    .         Reflect  .   (cloak unavailable)
rCorr    .         Harm     .   (gloves unavailable)
MR       ++++.     NoTele   +   (boots unavailable)
Stlth    ++++++++++             (no amulet)
HPRegen  0.34/turn              h - +27000 ring of slaying
MPRegen  0.34/turn              (no ring)

@: quick
A: very small, no armour, no weapons or thrown items, stealth, claws 1, fangs 3,
see invisible, carnivore, speed 1, shaggy fur 3, slow metabolism 1, sharp paws
a: Minor Destruction, Lesser Servant of Makhleb, Major Destruction, Greater
Servant of Makhleb, Renounce Religion


You were in the Dungeon.
You worshipped Makhleb.
Makhleb was exalted by your worship.
You were not hungry.

You visited 1 branch

Inventory:

Jewellery
 h - a +27000 ring of slaying (left paw)
 i - a +30 ring of slaying
 j - a +30 ring of slaying
 k - a +200 ring of slaying
 l - a +30 ring of slaying
 m - a +30 ring of slaying
 n - a +30 ring of slaying
 o - a +30 ring of slaying
 q - an uncursed ring of protection from fire
Scrolls
 g - a scroll of blinking
Potions
 b - a potion of curing
 c - a potion of heal wounds
 d - a potion of haste
 e - 2 potions of magic
 f - a potion of berserk rage
Comestibles
 a - a ration
 p - a chunk of flesh


   Skills:
 O Level 27 Fighting
 O Level 27 Dodging
 O Level 27 Stealth
 O Level 27 Unarmed Combat
 O Level 27 Spellcasting
 O Level 27 Conjurations
 O Level 27 Hexes
 O Level 27 Charms
 O Level 27 Summonings
 O Level 27 Necromancy
 O Level 27 Translocations
 O Level 27 Transmutations
 O Level 27 Fire Magic
 O Level 27 Ice Magic
 O Level 27 Air Magic
 O Level 27 Earth Magic
 O Level 27 Poison Magic
 O Level 27 Invocations
 O Level 27 Evocations


You had 80 spell levels left.
You didn't know any spells.
Your spell library was empty.

Dungeon Overview and Level Annotations

Branches:
Dungeon (1/1)

Altars:
Makhleb

Annotations:
D The Meatlord


Innate Abilities, Weirdness & Mutations

You cannot wear armour.
You are incapable of wielding weapons or throwing items.
Your paws allow you to move quietly. (Stealth)
You have sharp claws.
You have razor-sharp teeth.
You have supernaturally acute eyesight. (SInv)
You are carnivorous and can eat meat at any time.
You cover ground quickly.
Your thick and shaggy fur keeps you warm. (AC +3, rC+)
You have a slow metabolism.
Your sharp claws are effective at attacking unaware monsters.


Message History

* * * LOW HITPOINT WARNING * * *
Eat one of 3 chunks of flesh? (ye/n/q)
You eat one of the 3 chunks of flesh.
This raw flesh tastes great.
The Tzitzimitl gestures at you. The bolt of cold hits you!!! You resist.
You die...
You hear a shout!
The meat berserker completely misses you.
You rejoin the land of the living...
You hear a shout! x3
You hear a shout!
You hear a shout! x3
q - an uncursed ring of protection from fire You hear a shout! x5
You hear a shout! x4
You hear a shout! x2
You hear a shout! x2
The Meatlord hits you with the +7 sceptre of Torment {pain, torment}!!!!!!!!
Ouch! That really hurt!
You die...

#........#..1.1......
#......%..#.&.1.O..#.
#............#.)...#.
#.........#.)).))###.
#....#........o)))...
#....##....)%o#))))..
#.....#....)#)......#
#......###1......%).#
#...@&##..1O#.......#
#....#....o...#......
#....#...............
#................###.
#................. #.
#..........%...... #.
#.........#....... ..
#........#.#.#....
#.........#.#.....


You could see The Meatlord and a bag of meat.

Vanquished Creatures
  82 orcs (D)
  2 vampire knights (D)
  11 ogres (D)
  2 two-headed ogres (D)
97 creatures vanquished.

Vanquished Creatures (others)
  4 ball lightnings (D)
4 creatures vanquished.

Grand Total: 101 creatures vanquished

Notes
Turn   | Place    | Note
-------+----------+-------------------------------------------
     0 | D        | Fang the Felid Berserker began the quest for the Orb.
     0 | D        | Reached XP level 1. HP: 10/10 MP: 2/2
     2 | D        | Noticed a bag of meat
     4 | D        | Fell from the grace of Trog
     4 | D        | Became a worshipper of Makhleb the Destroyer
     5 | D        | Noticed a bag of meat
     6 | D        | Noticed a bag of meat
     6 | D        | Noticed a bag of meat
     7 | D        | Noticed a bag of meat
     9 | D        | Noticed a bag of meat
    13 | D        | Killed a bag of meat
    13 | D        | Reached XP level 2. HP: 27/27 MP: 3/3
    13 | D        | Reached XP level 3. HP: 31/31 MP: 4/4
    13 | D        | Reached XP level 4. HP: 35/35 MP: 5/5
    13 | D        | Reached XP level 5. HP: 39/39 MP: 6/6
    13 | D        | Gained mutation: You are covered in thick fur. (AC +2)
                  | [Felid growth]
    13 | D        | Reached XP level 6. HP: 43/43 MP: 7/7
    13 | D        | Reached XP level 7. HP: 47/47 MP: 8/8
    13 | D        | Reached XP level 8. HP: 51/51 MP: 9/9
    13 | D        | Reached XP level 9. HP: 55/55 MP: 10/10
    13 | D        | Reached XP level 10. HP: 59/59 MP: 11/11
    13 | D        | Reached XP level 11. HP: 63/63 MP: 12/12
    13 | D        | Noticed a bag of meat
    18 | D        | Killed a bag of meat
    18 | D        | Reached * piety under Makhleb
    18 | D        | Gained mutation: Your thick and shaggy fur keeps you warm.
                  | (AC +3, rC+) [Felid growth]
    18 | D        | Reached XP level 12. HP: 71/71 MP: 13/13
    19 | D        | Killed a bag of meat
    19 | D        | Reached XP level 13. HP: 34/76 MP: 14/14
    19 | D        | Noticed a bag of meat
    20 | D        | Noticed a meat berserker
    21 | D        | Killed a bag of meat
    21 | D        | Reached XP level 14. HP: 71/83 MP: 15/15
    22 | D        | Killed a bag of meat
    22 | D        | Reached ** piety under Makhleb
    22 | D        | Reached skill level 27 in Dodging
    23 | D        | Killed a meat berserker
    23 | D        | Reached XP level 15. HP: 93/93 MP: 16/16
    26 | D        | Noticed a meat berserker
    27 | D        | Reached skill level 27 in Fighting
    27 | D        | Reached skill level 27 in Unarmed Combat
    28 | D        | Noticed a meat berserker
    29 | D        | Reached *** piety under Makhleb
    29 | D        | Reached XP level 16. HP: 100/100 MP: 16/29
    32 | D        | Noticed a meat berserker
    34 | D        | Killed a meat berserker
    34 | D        | Reached **** piety under Makhleb
    34 | D        | Reached XP level 17. HP: 104/104 MP: 16/38
    36 | D        | Reached skill level 27 in Stealth
    38 | D        | Killed a meat berserker
    38 | D        | Reached XP level 18. HP: 82/109 MP: 17/45
    39 | D        | Reached ***** piety under Makhleb
    41 | D        | Reached skill level 27 in Invocations
    41 | D        | Reached XP level 19. HP: 113/113 MP: 17/50
    41 | D        | Noticed a destroyer
    41 | D        | Noticed a large bag of meat
    42 | D        | Killed a meat berserker
    42 | D        | Reached skill level 27 in Spellcasting
    42 | D        | Noticed a meat berserker
    45 | D        | Killed a destroyer
    45 | D        | Reached XP level 20. HP: 118/118 MP: 18/52
    47 | D        | Reached ****** piety under Makhleb
    50 | D        | Reached XP level 21. HP: 97/122 MP: 19/53
    55 | D        | Reached XP level 22. HP: 117/127 MP: 20/54
    58 | D        | Killed a large bag of meat
    58 | D        | Noticed a destroyer
    62 | D        | Reached XP level 23. HP: 131/131 MP: 21/55
    67 | D        | Killed a destroyer
    68 | D        | Reached XP level 24. HP: 111/136 MP: 22/55
    77 | D        | Reached XP level 25. HP: 140/140 MP: 24/55
    96 | D        | Reached XP level 26. HP: 145/145 MP: 28/55
   107 | D        | Reached XP level 27. HP: 149/149 MP: 30/55
   148 | D        | Noticed a large bag of meat
   152 | D        | Noticed The Meatlord
   156 | D        | Reached skill level 27 in Conjurations
   156 | D        | Reached skill level 27 in Hexes
   156 | D        | Reached skill level 27 in Charms
   156 | D        | Reached skill level 27 in Summonings
   156 | D        | Reached skill level 27 in Necromancy
   156 | D        | Reached skill level 27 in Translocations
   156 | D        | Reached skill level 27 in Transmutations
   156 | D        | Reached skill level 27 in Fire Magic
   156 | D        | Reached skill level 27 in Ice Magic
   156 | D        | Reached skill level 27 in Air Magic
   156 | D        | Reached skill level 27 in Earth Magic
   156 | D        | Reached skill level 27 in Poison Magic
   156 | D        | Reached skill level 27 in Evocations
   158 | D        | Killed a large bag of meat
   175 | D        | Killed from afar by The Meatlord
   185 | D        | HP: 1/149 [meat berserker/+9 battleaxe (60)]
   186 | D        | Killed from afar by a Tzitzimitl
   193 | D        | Annihilated by The Meatlord

Skill      XL: |  1  2  3  4  5  6  7  8  9 10 11 12 13 14 15 16 17 18 19 20 21 22 23 24 25 26 27 |
---------------+----------------------------------------------------------------------------------+-----
Fighting       | 16 19 20 21 25 27 | 27.0
Dodging        | 20 23 25 26 27 | 27.0
Unarmed Combat | 16 18 20 21 25 27 | 27.0
Stealth        | 12 23 27 | 27.0
Spellcasting   | 8 16 22 26 27 | 27.0
Invocations    | 9 18 23 27 | 27.0
Conjurations   | 27 | 27.0
Hexes          | 27 | 27.0
Charms         | 27 | 27.0
Summonings     | 27 | 27.0
Necromancy     | 27 | 27.0
Translocations | 27 | 27.0
Transmutations | 27 | 27.0
Fire Magic     | 27 | 27.0
Ice Magic      | 27 | 27.0
Air Magic      | 27 | 27.0
Earth Magic    | 27 | 27.0
Poison Magic   | 27 | 27.0
Evocations     | 27 | 27.0

Action                   |  1- 3 |  4- 6 |  7- 9 | 10-12 | 13-15 | 16-18 | 19-21 | 22-24 | 25-27 || total
-------------------------+-------+-------+-------+-------+-------+-------+-------+-------+-------++-------
Melee: Unarmed           |     1 |       |       |     2 |     5 |     9 |    14 |    22 |    47 ||   100
       Punch             |       |       |       |       |       |       |       |       |     1 ||     1
  Eat: Chunk             |       |       |       |       |       |       |       |       |     5 ||     5
Dodge: Dodged            |       |       |       |     3 |     1 |     2 |     7 |     9 |    10 ||    32
